 Dungeon Crawl Stone Soup version 0.25-a0-589-g1e14c549ee (webtiles) character file.

Game seed: 2488071436786579249, levelgen mode: classic

49 EnegeticOcto the Skirmisher (level 3, -4/30 HPs)
             Began as a Mummy Chaos Knight on Mar 10, 2020.
             Was a Plaything of Xom.
             Slain by Natasha (5 damage)
             ... on level 2 of the Dungeon.
             The game lasted 00:00:58 (535 turns).

EnegeticOcto the Skirmisher (Mummy Chaos Knight)     Turns: 535, Time: 00:00:59

Health: -4/30      AC:  6    Str: 15    XL:     3   Next: 51%
Magic:  3/3        EV: 11    Int: 12    God:    Xom [..*...]
Gold:   38         SH:  0    Dex: 11    Spells: 2/2 levels left

rFire    x . .     SeeInvis .   a - +0 spear (chaos)
rCold    + . .     Gourm    .   (no shield)
rNeg     + + +     Faith    .   b - +2 leather armour
rPois    ∞         Spirit   .   (no helmet)
rElec    .         Reflect  .   c - +0 cloak
rCorr    .         Harm     .   (no gloves)
MR       .....                  (no boots)
Stlth    +.........             (no amulet)
HPRegen  0.10/turn              (no ring)
MPRegen  0.08/turn              (no ring)

@: slowed, very slow
A: no food or potions, fire vulnerability, cold resistance 1, negative energy
resistance 3, torment resistance, unbreathing
a: Renounce Religion


You were on level 2 of the Dungeon.
You worshipped Xom.
You were a toy of Xom.
You were not hungry.

You visited 1 branch of the dungeon, and saw 2 of its levels.

You collected 38 gold pieces.

Inventory:

Hand Weapons
 a - a +0 spear of chaos (weapon)
Armour
 b - a +2 leather armour (worn)
 c - a +0 cloak (worn)
Scrolls
 d - 2 scrolls of remove curse {unknown}
 e - a scroll of teleportation {unknown}
 f - a scroll of identify {unknown}
 g - a scroll of enchant armour {unknown}


   Skills:
 + Level 3.8 Fighting
 + Level 3.1 Polearms
 - Level 1.5 Armour
 - Level 0.7 Dodging


You had 2 spell levels left.
You didn't know any spells.
Your spell library was empty.

Dungeon Overview and Level Annotations

Branches:
Dungeon (2/15)

Altars:

Annotations:
D:2 Natasha


Innate Abilities, Weirdness & Mutations

You do not eat or drink.
Your flesh is vulnerable to fire.
You are immune to poison.
Your flesh is cold resistant. (rC+)
You are immune to negative energy. (rN+++)
You are immune to unholy pain and torment.
You can survive without breathing.


Message History

You barely miss Natasha. Natasha barely misses you.
You hit Natasha.
Natasha is poisoned.
Natasha is heavily wounded.
Natasha casts a spell at you.
You feel yourself slow down.
You miss Natasha.
Natasha is severely wounded.
Natasha claws you.
You closely miss Natasha.
Natasha is almost dead.
You kill Natasha!
Natasha growls in agony!
The shadow imp disappears in a puff of smoke!
Your Polearms skill increases to level 3!
You have reached level 3!
Your experience leads to an increase in your attributes!
Increase (S)trength, (I)ntelligence, or (D)exterity?
You feel clever. The kobold hits you but does no damage.
You barely miss the kobold. The kobold hits you but does no damage.
You hit the kobold. You freeze the kobold.
The kobold is severely wounded.
The kobold hits you but does no damage. x2
You hit the kobold but do no damage.
The kobold is severely wounded.
The kobold barely misses you.
You hit the kobold.
You kill the kobold!
You hit the dart slug.
The dart slug seems to speed up.
Xom thinks this is hilarious!
The dart slug is lightly wounded.
The dart slug bites you but does no damage.
You puncture the dart slug!
You kill the dart slug!
No target in view!
No target in view!
No target in view!
No target in view!
Natasha, Servant of Life and Death comes into view.
Natasha wildly gestures.
You feel troubled.
Natasha moves out of view.
You feel yourself speed up.
You start resting.
Natasha is too close now for your liking.
Attack whom?
Press: ? - help, Dir - move target cursor, f - Natasha
Aim: Natasha You reach to attack!
You hit Natasha but do no damage. Natasha barely misses you.
You hit Natasha but do no damage. Natasha barely misses you.
You barely miss Natasha. Natasha claws you.
You hit Natasha but do no damage.
Natasha is poisoned.
Natasha claws you.
You are too injured to fight recklessly!
You are too injured to fight recklessly!
You are too injured to fight recklessly!
You are too injured to fight recklessly!
You are too injured to fight recklessly!
You are too injured to fight recklessly!
You are too injured to fight recklessly!
You are too injured to fight recklessly!
You are too injured to fight recklessly!
You are too injured to fight recklessly!
You are too injured to fight recklessly!
You are too injured to fight recklessly!
You are too injured to fight recklessly!
You are too injured to fight recklessly!
You are too injured to fight recklessly!
You are too injured to fight recklessly!
You miss Natasha. Natasha claws you but does no damage.
You hit Natasha but do no damage.
Natasha flickers and vanishes!
Deactivating autopickup; reactivate with Ctrl-A.
You hear some strange, mumbled words.
Unknown command.
You barely miss something. You closely miss something. Something claws you.
You miss something.
You hear some strange, mumbled words.
You feel yourself slow down. The shadow imp closely misses you.
You barely miss something. Something claws you but does no damage.
The shadow imp hits you but does no damage.
The shadow imp closely misses you. Something claws you.
You hit something. You freeze something.
Something claws you but does no damage. The shadow imp hits you.
* * * LOW HITPOINT WARNING * * *
You miss something. Something claws you but does no damage.
The shadow imp hits you.
* * * LOW HITPOINT WARNING * * *
Something claws you but does no damage.
The shadow imp hits you but does no damage.
You barely miss something. Something claws you but does no damage.
The shadow imp closely misses you.
You hit something but do no damage.
Nothing appears to happen.
Something claws you.
* * * LOW HITPOINT WARNING * * *
The shadow imp closely misses you. x2
You hear some strange, mumbled words.
Something tries to affect you, but you resist.
You miss something. Something claws you.
You die...

.....##################
##.#..........†.........
............#######.####
#.....###.#.# #.# #
...... ##.#.# #.# #
....>.##....# #.# #
....h.)(.#...# #.# #
......#{##...# #.# #
..... #@5#...# #.# #
#... ##...#.# #.# # ...
####.# ###.#### ## #.#
#.....## #.####.#.#.#.
#†...........
#.####.#.#.#. #.#
#.!...#.
#.######.######.#.#.


You could see a shadow imp.

Vanquished Creatures
  Natasha (D:2)
  An ooze (D:2)
  2 dart slugs
  2 leopard geckos
  A ball python (D:2)
  3 goblins
  3 frilled lizards
  2 kobolds
  2 rats (D:1)
17 creatures vanquished.

Notes
Turn   | Place    | Note
-------+----------+-------------------------------------------
     0 | D:1      | EnegeticOcto the Mummy Chaos Knight began the quest for the
                  | Orb.
     0 | D:1      | Reached XP level 1. HP: 18/18 MP: 1/1
   243 | D:1      | Reached XP level 2. HP: 24/24 MP: 2/2
   502 | D:2      | Noticed Natasha
   509 | D:2      | Killed Natasha
   509 | D:2      | Reached XP level 3. HP: 22/30 MP: 3/3
   516 | D:2      | Noticed Natasha
   534 | D:2      | HP: 1/30 [something (3)]
   535 | D:2      | Slain by Natasha

Levels and vault maps discovered:
D:1:      minmay_arrival_semitransparent, layout_rooms
D:2:      layout_loops_ring, first_ration, uniq_crazy_yiuf_cottage,
          uniq_natasha, uniq_terence

Skill      XL: |  1  2 |
---------------+-------+-----
Polearms       | 3 |  3.1
Fighting       | |  3.8
Armour         | |  1.5
Dodging        | |  0.7

Action                   || total
-------------------------++-------
Melee: Spear             ||    71
Armor: Leather armour    ||    21
Dodge: Dodged            ||    23

Table legend:
 A = Non-vault XP
 B = Vault XP
 C = Vault XP percentage of total XP
 D = Non-vault monster count
 E = Vault monster count
 F = Vault count percentage of total count
                 A         B        C        D         E       F
            +---------+---------+-------+---------+---------+-------
      Total |      35 |      35 |  50.0 |      16 |       1 |   5.9
            +---------+---------+-------+---------+---------+-------
        D:1 |      14 |       0 |   0.0 |       8 |       0 |   0.0
        D:2 |      21 |      35 |  62.5 |       8 |       1 |  11.1
            +---------+---------+-------+---------+---------+-------
